Map: Estaleiro Orbital

Players

KimJongUn - Winner!

  • Race: Terran Terran
  • League: Grandmaster

Master

  • Race: Protoss Protoss
  • League: Grandmaster

VOD

Have the link to the VOD?

Description

Time

  • Played on: March 6, 2016, 9:29 a.m.
  • Length: 12:47
Show
View Real Time Build Order
Export as new Build Order

KimJongUn Terran - Winner!

Build Orders: MMM Bio 

Get SALT Encoding   

  12  0:01  SCV  
  13  0:13  SCV  
  14  0:17  Supply Depot  
  14  0:25  SCV  
  15  0:39  SCV  
  15  0:40  Barracks  
  16  0:51  SCV  
  17  1:03  SCV  
  18  1:10  Supply Depot  
  18  1:15  SCV  
  19  1:28  Marine, Orbital Command  
  20  1:37  Command Center  
  20  1:46  Marine  
  21  1:56  SCV  
  21  2:00  Barracks  
  22  2:07  Marine, Barracks  
  23  2:09  SCV  
  24  2:21  SCV  
  25  2:24  Refinery  
  25  2:25  Marine, Refinery  
  26  2:33  SCV  
  27  2:43  Marine  
  28  2:45  SCV  
  28  2:50  Marine  
  30  2:56  Barracks Tech Lab  
  30  2:57  SCV  
  32  2:59  Orbital Command  
  32  3:00  Marine  
  32  3:05  Supply Depot  
  32  3:07  Marine  
  32  3:09  SCV  
  34  3:18  Marine, Engineering Bay, Stimpack  
  35  3:20  Marine  
  35  3:22  SCV  
  35  3:26  SCV  
  38  3:34  SCV  
  39  3:38  SCV  
  39  3:40  Factory  
  40  3:45  Supply Depot  
  40  3:46  SCV  
  41  3:50  SCV  
  42  3:57  Terran Infantry Weapons Level 1  
  42  3:58  SCV  
  42  4:02  Supply Depot, SCV  
  44  4:04  Marine  
  44  4:07  Marine  
  44  4:08  Marine  
  47  4:10  SCV  
  47  4:14  SCV  
  49  4:22  SCV  
  49  4:24  Factory Reactor, Starport  
  50  4:26  SCV  
  51  4:34  Refinery, Marine x3, SCV  
  51  4:37  Refinery  
  55  4:38  SCV  
  55  4:39  Missile Turret  
  55  4:43  Missile Turret  
  56  4:46  SCV  
  56  4:50  SCV  
  56  4:52  Marine  
  59  4:53  Supply Depot  
  59  4:56  Marine x2  
  59  4:59  SCV  
  62  5:02  SCV  
  62  5:04  Supply Depot  
  63  5:08  Medivac x2  
  63  5:10  Factory Reactor  
  63  5:13  SCV  
  68  5:15  SCV  
  68  5:18  Combat Shields  
  68  5:19  Barracks Reactor  
  68  5:21  Barracks Tech Lab  
  69  5:25  SCV  
  69  5:27  SCV  
  71  5:46  Command Center  
  71  5:50  Barracks  
  71  5:51  Barracks  
  71  5:53  Marauder  
  71  5:56  Marine x2  
  73  6:01  Marine  
  72  6:14  Marine, Marauder  
  72  6:16  Marine  
  70  6:19  Marauder  
  68  6:30  Orbital Command  
  68  6:32  Marine  
  66  6:37  Marine, Marauder  
  62  6:40  Marauder  
  62  6:41  Concussive Shells  
  63  6:50  Marine  
  64  6:54  Marine, Widow Mine  
  64  6:55  Medivac x2, Widow Mine  
  75  7:03  Orbital Command  
  73  7:13  Marine x2  
  73  7:15  Barracks Reactor  
  75  7:16  Marine x2  
  75  7:17  SCV x2  
  79  7:28  Widow Mine x2  
  79  7:29  SCV x2  
  85  7:31  Missile Turret  
  85  7:32  Liberator  
  85  7:33  SCV  
  86  7:38  Missile Turret, Liberator  
  86  7:41  Barracks Tech Lab, SCV x2  
  86  7:43  Marine x2, Marauder  
  92  7:46  SCV  
  96  7:53  SCV x2  
  96  7:56  Refinery  
  96  7:57  Refinery  
  101  8:02  Supply Depot  
  101  8:04  Supply Depot  
  101  8:06  Supply Depot  
  101  8:08  Terran Infantry Armor Level 1  
  101  8:17  Armory  
  101  8:18  Engineering Bay  
  101  8:21  Missile Turret  
  101  8:23  SCV x3  
  101  8:25  Marine x2, Supply Depot  
  101  8:26  Marauder, Supply Depot  
  108  8:30  Marine  
  108  8:31  Marine, Marauder x2  
  114  8:35  SCV x2  
  114  8:37  SCV  
  114  8:39  Liberator  
  117  8:45  Starport  
  117  8:47  SCV x2  
  119  8:49  SCV  
  119  8:51  Fusion Core  
  120  8:56  Marauder  
  120  8:57  Liberator  
  120  9:00  SCV  
  122  9:06  Marine x2, Supply Depot  
  122  9:07  Marauder x2  
  122  9:08  Supply Depot x2  
  128  9:16  Marine  
  132  9:17  Marauder  
  132  9:22  Starport Tech Lab  
  133  9:24  Terran Infantry Weapons Level 2, Liberator  
  133  9:31  Command Center  
  133  9:36  Supply Depot  
  133  9:37  Supply Depot  
  133  9:39  Advanced Ballistics  
  133  9:43  Marine x2, Marauder x2  
  142  9:46  Marine  
  142  9:47  Marauder  
  142  9:49  Supply Depot  
  142  9:52  Widow Mine x2  
  145  9:53  Liberator  
  145  9:56  Liberator  
  145  9:59  Marine  
  150  10:00  Marine  
  150  10:03  Supply Depot  
  150  10:05  Marauder x2  
  150  10:06  Supply Depot  
  155  10:08  Marine  
  162  10:18  Terran Infantry Armor Level 2  
  162  10:24  Liberator  
  162  10:29  Marine x2, Marauder  
  162  10:30  Marauder  
  168  10:36  Liberator  
  168  10:39  Liberator  
  148  10:51  Marine  
  148  10:52  Marauder  
  136  10:59  Marine x3  
  136  11:00  Marauder x2  
  125  11:06  Liberator  
  125  11:09  Marine  
  124  11:13  Marauder  
  124  11:17  Marine x3  
  116  11:20  SCV x3  
  116  11:21  Marauder x2  
  116  11:22  Liberator  
  121  11:27  Marine  
  121  11:32  SCV x3  
  125  11:35  Marauder, Marine x2  
  125  11:36  Medivac  
  134  11:40  Marine  
  134  11:42  Marauder  
  136  11:55  Marine  
  136  11:56  Marauder  
  117  12:09  Marine x3  
  117  12:10  Marauder x2  
  114  12:17  Marine  
Show
View Real Time Build Order
Export as new Build Order

Master Protoss 

Build Orders: 1 Gate Expand 

Get SALT Encoding   

  12  0:01  Probe (Chrono Boost)  
  13  0:12  Probe (Chrono Boost)  
  14  0:18  Pylon  
  14  0:22  Probe (Chrono Boost)  
  15  0:36  Probe (Chrono Boost), Gateway  
  16  0:46  Probe (Chrono Boost)  
  16  0:48  Assimilator  
  17  0:57  Probe (Chrono Boost)  
  18  1:08  Probe (Chrono Boost)  
  19  1:18  Nexus  
  19  1:22  Probe (Chrono Boost)  
  20  1:31  Cybernetics Core  
  20  1:35  Probe (Chrono Boost)  
  21  1:41  Assimilator  
  21  1:45  Probe (Chrono Boost)  
  22  1:51  Pylon  
  22  1:56  Probe (Chrono Boost)  
  23  2:10  Mothership Core (Chrono Boost)  
  23  2:12  Stalker  
  26  2:21  Warp Gate  
  27  2:30  Probe (Chrono Boost)  
  27  2:32  Probe (Chrono Boost)  
  28  2:40  Probe (Chrono Boost)  
  28  2:42  Stalker  
  28  2:43  Probe (Chrono Boost)  
  32  2:47  Pylon  
  32  2:51  Probe (Chrono Boost)  
  33  2:53  Probe (Chrono Boost)  
  34  3:01  Probe (Chrono Boost)  
  34  3:02  Robotics Facility  
  34  3:04  Probe (Chrono Boost)  
  36  3:12  Probe (Chrono Boost)  
  37  3:14  Probe (Chrono Boost)  
  38  3:20  Twilight Council  
  38  3:22  Probe (Chrono Boost)  
  38  3:25  Probe (Chrono Boost)  
  38  3:26  Stalker  
  42  3:33  Probe (Chrono Boost)  
  43  3:36  Probe (Chrono Boost)  
  43  3:41  Gateway  
  44  3:43  Probe (Chrono Boost)  
  44  3:46  Probe (Chrono Boost)  
  46  3:49  Observer  
  46  3:54  Probe (Chrono Boost)  
  48  3:56  Stalker  
  48  3:57  Probe (Chrono Boost)  
  51  4:04  Probe (Chrono Boost)  
  51  4:07  Probe (Chrono Boost)  
  51  4:08  Dark Shrine  
  53  4:15  Probe (Chrono Boost), Pylon  
  54  4:17  Nexus  
  54  4:25  Pylon  
  54  4:30  Warp Prism (Chrono Boost)  
  54  4:31  Probe  
  54  4:33  Probe  
  54  4:35  Assimilator  
  54  4:37  Assimilator  
  58  4:39  Pylon  
  58  4:43  Probe  
  58  4:45  Probe  
  60  4:47  Blink (Chrono Boost)  
  60  4:54  Gateway  
  60  4:55  Probe  
  61  5:00  Gateway  
  61  5:07  Gateway  
  61  5:08  Gateway  
  61  5:10  Forge  
  61  5:14  Gateway  
  61  5:26  Dark Templar x2  
  65  5:34  Robotics Bay  
  65  5:36  Probe, Pylon  
  65  5:38  Probe x2  
  68  5:45  Protoss Ground Weapons Level 1 (Chrono Boost)  
  68  5:47  Probe  
  69  5:50  Probe x2  
  71  5:57  Probe  
  71  6:02  Probe x2  
  71  6:03  Stalker x4  
  78  6:25  Pylon  
  70  6:28  Dark Templar, Stalker x3  
  74  6:38  Probe  
  70  6:40  Probe x2  
  70  6:42  Colossus  
  73  6:50  Assimilator  
  73  6:52  Mothership Core, Probe x2  
  79  6:56  Assimilator  
  81  7:04  Adept x2, Probe x2  
  81  7:05  Adept x3  
  93  7:10  Pylon  
  93  7:11  Pylon  
  93  7:13  Pylon  
  93  7:23  Pylon  
  93  7:24  Pylon  
  93  7:25  Pylon  
  93  7:27  Probe  
  93  7:28  Probe x2  
  93  7:29  Stalker  
  98  7:30  Stalker x3  
  98  7:31  Stalker x2  
  98  7:34  Stalker  
  110  7:37  Probe  
  110  7:38  Colossus  
  110  7:41  Probe x2  
  113  7:46  Pylon  
  113  7:49  Resonating Glaives (Chrono Boost)  
  119  7:53  Probe  
  119  7:54  Probe  
  121  8:07  Adept x3  
  121  8:11  Pylon  
  127  8:15  Protoss Ground Weapons Level 2 (Chrono Boost), Pylon  
  127  8:18  Pylon  
  127  8:20  Adept x4  
  135  8:29  Adept  
  135  8:30  Adept x2  
  136  8:35  Nexus  
  136  8:36  Observer (Chrono Boost)  
  134  8:45  Probe  
  134  8:46  Probe x2  
  137  8:49  Adept x2  
  137  8:50  Adept  
  137  8:53  Adept  
  145  8:55  Probe  
  145  8:58  Probe x2  
  148  9:03  Disruptor (Chrono Boost)  
  148  9:06  Probe  
  152  9:10  Adept x2, Probe x2  
  152  9:12  Adept  
  152  9:13  Sentry  
  152  9:17  Probe  
  162  9:23  Probe  
  164  9:26  Pylon  
  164  9:27  Extended Thermal Lance (Chrono Boost)  
  164  9:30  Disruptor  
  164  9:32  Stalker x2  
  164  9:37  Stalker  
  173  9:43  Pylon  
  173  9:44  Pylon  
  173  9:55  Pylon  
  173  9:58  Photon Cannon, Pylon  
  173  10:04  Stalker  
  173  10:05  Stalker x2  
  173  10:06  Stalker x3  
  185  10:18  Dark Templar  
  187  10:31  Dark Templar x2  
  187  10:32  Dark Templar x2  
  187  10:33  Dark Templar  
  133  11:01  Probe, Stalker x2  
  133  11:02  Probe x2  
  130  11:08  Colossus  
  128  11:12  Probe  
  128  11:14  Probe  
  128  11:15  Probe  
  128  11:18  Archon x2  
  135  11:22  Probe  
  112  11:26  Probe  
  112  11:27  Probe  
  113  11:33  Probe  
  113  11:35  Nexus, Stalker  
  113  11:36  Stalker x6  
  113  11:39  Probe x2  
  130  11:44  Gateway  
  130  11:45  Gateway  
  129  11:47  Gateway  
  96  12:16  Stalker x4  
  96  12:17  Stalker x3  
  106  12:31  Nexus  
Tags
 
Add a new tag
Caveats
  • Supply blocks, unpowered buildings, or Contaminate may cause inaccurate times.
  • Supply counts are checked every 10 seconds.